 Dungeon Crawl Stone Soup version 0.30-a0-908-g5a111fc481 (webtiles) character file.

Game seed: 17772198416886115694

8953 HoaS the Marksant (level 11, -4/72 HPs)
             Began as a Formicid Hunter on Mar 18, 2023.
             Was a High Priest of Zin.
             Slain by Snorg (5 damage)
             ... on level 11 of the Dungeon on Mar 19, 2023.
             The game lasted 00:19:48 (8370 turns).

HoaS the Marksant (Formicid Hunter)                 Turns: 8370, Time: 00:19:49

Health: -4/72      AC: 11    Str: 16    XL:     11   Next: 65%
Magic:  14/14      EV: 17    Int:  9    God:    Zin [*****.]
Gold:   399        SH:  0    Dex: 21    Spells: 10/10 levels left

rFire   . . .      SeeInvis +    w - +1 arbalest (flame)
rCold   . . .      Faith    .    (no shield)
rNeg    . . .      Spirit   .    s - +2 leather armour {rPois}
rPois   +          Reflect  .    (helmet unavailable)
rElec   .          Rampage  .    d - scarf {+Inv}
rCorr   .                        i - +1 pair of gloves
Will    +....                    (no boots)
Stlth   ++                       a - amulet of the acrobat
HPRegen 0.32/turn                m - +5 ring of evasion
MPRegen 0.14/turn                p - +4 ring of protection

@: no status effects
A: permanent stasis, dig shafts and tunnels, antennae 3, four strong arms
a: Dig, Shaft Self, Renounce Religion, Evoke Invisibility, Recite, Vitalisation,
Imprison, Sanctuary, Donate Gold


You were on level 11 of the Dungeon.
You worshipped Zin.
Zin was extremely pleased with you.
You visited 2 branches of the dungeon, and saw 12 of its levels.

You collected 939 gold pieces.
You spent 447 gold pieces at shops.
You donated 93 gold pieces to Zin.

Inventory:

Hand Weapons
 w - a +1 arbalest of flaming (weapon)
Missiles
 q - 5 throwing nets
Armour
 d - a scarf of invisibility (worn)
 i - a +1 pair of gloves (worn)
 s - a +2 leather armour of poison resistance (worn)
 v - +0 swamp dragon scales
Jewellery
 a - an amulet of the acrobat (around neck)
 l - a ring of ice
 m - a +5 ring of evasion (left hand)
 p - a +4 ring of protection (right hand)
Wands
 c - a wand of digging (8)
 g - a wand of light (7)
 r - a wand of flame (76)
 z - a wand of iceblast (6)
Scrolls
 b - a scroll of immolation
 o - a scroll of fear
 y - a scroll of brand weapon
 A - a scroll of summoning
Potions
 f - a potion of flight
 h - 2 potions of cancellation
 j - 2 potions of mutation
 k - 3 potions of curing
 n - a potion of lignification {unknown}
 t - a potion of invisibility
 u - 2 potions of attraction
 x - 2 potions of brilliance {unknown}


   Skills:
 - Level 2.1 Fighting
 * Level 17.0 Ranged Weapons
 - Level 1.7 Dodging
 - Level 1.2 Stealth
 - Level 5.0 Invocations


You had 10 spell levels left.
You didn't know any spells.
Your spell library contained the following spells:

 Spells                   Type           Power      Damage    Failure   Level
 Apportation              Tloc           0%         N/A       45%         1
 Slow                     Hex            0%         N/A       45%         1
 Sting                    Tmut/Pois      0%         1d3       45%         1
 Poisonous Vapours        Pois/Air       0%         N/A       58%         2
 Confusing Touch          Hex            0%         N/A       83%         3
 Summon Guardian Golem    Hex/Summ       0%         N/A       83%         3
 Vampiric Draining        Necr           0%         2d6       83%         3
 Manifold Assault         Tloc           0%         N/A       99%         4
 Olgreb's Toxic Radiance  Pois           0%         N/A       99%         4
 Alistair's Intoxication  Tmut/Pois      0%         N/A       100%        5
 Orb of Destruction       Conj           0%         9d5       100%        7
 Spellforged Servitor     Conj/Summ      0%         N/A       100%        7
 Storm Form               Tmut/Air       0%         N/A       100%        7
 Blink                    Tloc           Unusable   N/A       N/A         2

Dungeon Overview and Level Annotations

Branches:
Dungeon (11/15)            Temple (1/1) D:4             Orc (0/2) D:11
   Lair: D:8-11

Altars:
Ashenzari
Cheibriados
Dithmenos
Elyvilon
Fedhas
Gozag
Hepliaklqana
Kikubaaqudgha
Makhleb
Nemelex Xobeh
Okawaru
Qazlal
Ru
Sif Muna
Trog
Uskayaw
Vehumet
Wu Jian
Xom
Yredelemnul
Zin
The Shining One

Shops:
D:5 *   D:9 *   D:11 [(

Annotations:
D:11 Snorg


Innate Abilities, Weirdness & Mutations

You cannot be hasted, slowed, berserked, paralysed or teleported.
You can dig through walls and to a lower floor.
You have a pair of large antennae on your head. (SInv)
Your four strong arms can wield two-handed weapons with a shield.


Message History

The bolt burns the howler monkey.
The howler monkey is almost dead.
Snorg the Insatiable comes into view.
You shoot a bolt. The bolt hits the howler monkey!
The bolt burns the howler monkey.
You kill the howler monkey!
Your Ranged Weapons skill increases to level 17!
You shoot a bolt. The bolt barely misses Snorg.
You shoot a bolt. The bolt hits Snorg.
The bolt burns Snorg.
Snorg is lightly wounded.
You shoot a bolt. The bolt hits Snorg.
The bolt burns Snorg.
Snorg is lightly wounded.
Snorg goes berserk!
You shoot a bolt. The bolt hits Snorg!
The bolt burns Snorg.
Snorg is lightly wounded.
You hear a shout!
You shoot a bolt. The bolt hits Snorg.
The bolt burns Snorg.
Snorg is lightly wounded.
Snorg misses you. Snorg claws you but does no damage. Snorg claws you!
Snorg misses you. Snorg closely misses you. Snorg claws you!
You shoot a bolt. The bolt hits Snorg!
The bolt burns Snorg.
Snorg is moderately wounded.
Snorg bites you!! Snorg closely misses you. Snorg claws you!
* * * LOW HITPOINT WARNING * * *
You are too injured to fight recklessly!
You feel much better. Snorg misses you. Snorg completely misses you. x2
Snorg bites you but does no damage. Snorg misses you. Snorg barely misses you.
A troll comes into view.
You shoot a bolt. The bolt hits Snorg!!
The bolt burns Snorg!
Snorg is heavily wounded.
Snorg bites you but does no damage. Snorg claws you!
* * * LOW HITPOINT WARNING * * *
Snorg claws you!
* * * LOW HITPOINT WARNING * * *
You shoot a bolt. The bolt hits Snorg!
The bolt burns Snorg.
Snorg is heavily wounded.
Snorg bites you! Zin protects you from harm! Snorg barely misses you.
Snorg misses you. Snorg bites you.
You die...

####
####.............#.###....##
...###................#.#
#......
....##.####...∩.>.∩..)..#
#†.....
.#.#......#...........#.#
#.#####
...#.#.##.............#.#
#......
####.#.###..............#
#.#####
###.##.####.####.########
#.# ...###......# #.### #.#
.### ######## #@T.# ... .#
#..#..# ... .# #.###.T.# ...
## #. .#.# #. # .. {{ #. .
#. #.


You could see Snorg (berserk) and a troll.

Vanquished Creatures
  Erolcha (D:9)
  Harold (D:9)
  A two-headed ogre (D:10)
  A cyclops (D:11)
  Joseph (D:9)
  Maggie (D:7)
  2 gargoyles (D:10)
  Psyche (D:9)
  A kobold demonologist (D:9)
  Prince Ribbit (D:6)
  A hornet (D:8)
  A vampire (D:10)
  6 yaks (D:9)
  Menkaure (D:6)
  Duvessa (D:6)
  6 orc warriors
  2 ice beasts
  An ogre (D:5)
  5 centaurs
  2 phantoms
  Blork the orc (D:7)
  3 bullfrogs
  A kobold brigand (D:9)
  A scorpion (D:4)
  A gnoll sergeant (D:7)
  10 wights
  Dowan (D:6)
  4 jellies
  6 howler monkeys
  7 hounds
  An orc priest (D:8)
  2 gnoll boudas
  2 iguanas (D:5)
  7 orc wizards
  3 gnolls (D:9)
  7 adders
  2 shadow imps
  A white imp (D:7)
  2 ufetubi
  2 worms
  3 dart slugs
  30 orcs
  4 endoplasms
  A giant cockroach (D:1)
  10 goblins
  9 hobgoblins
  3 jackals
  3 quokkas
  8 ball pythons
  5 bats
  A frilled lizard (D:3)
  17 kobolds
  10 rats
  A butterfly (D:7)
206 creatures vanquished.

Vanquished Creatures (others)
  17 fungi (D:11)
  9 plants (D:11)
26 creatures vanquished.

Grand Total: 232 creatures vanquished

Notes
Turn   | Place    | Note
-------+----------+-------------------------------------------
     0 | D:1      | HoaS the Formicid Hunter began the quest for the Orb.
     0 | D:1      | Reached XP level 1. HP: 16/16 MP: 1/1
    71 | D:1      | Reached XP level 2. HP: 21/22 MP: 2/2
   130 | D:1      | Upgraded the game from 0.30-a0-782-ge64f9170bb to
                  | 0.30-a0-908-g5a111fc481
   279 | D:1      | Reached XP level 3. HP: 27/27 MP: 3/3
   347 | D:1      | Reached skill level 5 in Ranged Weapons
   728 | D:2      | Reached XP level 4. HP: 25/33 MP: 4/4
  1703 | D:3      | Found a faded altar of an unknown god.
  1779 | D:4      | Reached skill level 6 in Ranged Weapons
  1779 | D:4      | Reached XP level 5. HP: 32/38 MP: 5/5
  1905 | D:4      | Reached skill level 7 in Ranged Weapons
  1905 | D:4      | Reached XP level 6. HP: 44/44 MP: 6/6
  2250 | D:4      | Reached XP level 7. HP: 50/50 MP: 7/7
  2275 | D:4      | Reached skill level 8 in Ranged Weapons
  2454 | D:4      | Found a staircase to the Ecumenical Temple.
  2467 | Temple   | Entered the Ecumenical Temple
  2654 | Temple   | Became a worshipper of Zin the Law-Giver
  2654 | Temple   | Reached * piety under Zin
  2654 | Temple   | Reached ** piety under Zin
  2997 | D:5      | Entered Level 5 of the Dungeon
  3030 | D:5      | Found Kafif's General Store.
  3067 | D:5      | Found a blossoming altar of Fedhas.
  3086 | D:5      | Reached skill level 1 in Invocations
  3258 | D:5      | Reached XP level 8. HP: 56/56 MP: 9/9
  3282 | D:5      | Reached skill level 9 in Ranged Weapons
  3734 | D:6      | Noticed Duvessa
  3743 | D:6      | Killed Duvessa
  3763 | D:6      | Noticed Menkaure
  3780 | D:6      | Killed Menkaure
  3781 | D:6      | Reached skill level 10 in Ranged Weapons
  3829 | D:6      | Noticed Dowan
  3832 | D:6      | Killed Dowan
  3923 | D:6      | Reached skill level 5 in Invocations
  3923 | D:6      | Reached XP level 9. HP: 61/61 MP: 12/12
  4025 | D:6      | Noticed Prince Ribbit
  4116 | D:6      | Reached *** piety under Zin
  4459 | D:6      | Reached skill level 11 in Ranged Weapons
  4531 | D:7      | Noticed Blork the orc
  4582 | D:7      | Killed Blork the orc
  4826 | D:7      | Found a shimmering altar of Xom.
  4911 | D:7      | Noticed Maggie
  4921 | D:7      | Killed Maggie
  4922 | D:7      | Reached skill level 12 in Ranged Weapons
  5177 | D:5      | Bought a +1 arbalest of flaming for 211 gold pieces
  5177 | D:5      | Bought a scroll of identify for 28 gold pieces
  5177 | D:5      | Bought a scroll of brand weapon for 133 gold pieces
  5228 | D:6      | Killed Prince Ribbit
  5455 | D:8      | Reached **** piety under Zin
  5539 | D:8      | Noticed a hornet
  5545 | D:8      | Killed a hornet
  5546 | D:8      | Reached skill level 13 in Ranged Weapons
  5546 | D:8      | Reached XP level 10. HP: 67/67 MP: 13/13
  5554 | D:8      | Found a broken altar of Ashenzari.
  6531 | D:9      | Reached skill level 14 in Ranged Weapons
  6570 | D:9      | Noticed Harold
  6579 | D:9      | Noticed Joseph
  6596 | D:9      | Killed Joseph
  6658 | D:9      | Killed Harold
  6748 | D:9      | Reached skill level 15 in Ranged Weapons
  6760 | D:9      | Reached XP level 11. HP: 52/72 MP: 14/14
  6927 | D:9      | Noticed a sixfirhy
  6980 | D:9      | Noticed Erolcha
  7067 | D:9      | Killed Erolcha
  7070 | D:9      | Found Fofuss's General Store.
  7078 | D:9      | Bought a potion of heal wounds for 75 gold pieces
  7090 | D:9      | Noticed Psyche
  7097 | D:9      | Killed Psyche
  7098 | D:9      | Reached skill level 16 in Ranged Weapons
  7260 | D:10     | Entered Level 10 of the Dungeon
  7321 | D:10     | Reached ***** piety under Zin
  7582 | D:10     | Noticed a two-headed ogre
  7591 | D:10     | Killed a two-headed ogre
  8172 | D:11     | Noticed a cyclops
  8175 | D:11     | Killed a cyclops
  8191 | D:11     | Found Dyupp's Weapon Shop.
  8191 | D:11     | Found a staircase to the Orcish Mines.
  8296 | D:11     | Found Huimuh's Armour Shop.
  8360 | D:11     | Noticed Snorg
  8362 | D:11     | Reached skill level 17 in Ranged Weapons
  8369 | D:11     | HP: 1/72 [Snorg (17)]
  8370 | D:11     | Zin protects you from harm!
  8370 | D:11     | Slain by Snorg

Illustrated notes

Levels and vault maps discovered:
D:1:      psy_arrival_radial02, layout_rooms
D:2:      layout_rooms
D:3:      layout_loops_cross, basic_ecumenical_altar
D:4:      minmay_polygon_palace, layout_cave_pools, minmay_temple_entry_slanted,
          amcnicky_mini_pool_small
D:5:      layout_basic, mainiacjoe_overflow_boulevard,
          chequers_serial_rivers_room_a, nicolae_take_the_stairs
D:6:      layout_rooms, uniq_duvessa, uniq_prince_ribbit1, uniq_menkaure
D:7:      layout_cave_pools, xom_butterflies, sword_in_stone, uniq_maggie
D:8:      layout_layer_cave, ashenzari_conservatory_becter
D:9:      layout_rooms, serial_shops, nicolae_diamond_shop, serial_glass,
          glass_columns_b, glass_columns_a, uniq_joseph, uniq_psyche,
          uniq_erolcha, uniq_harold
D:10:     layout_loops_ring, serial_park_tiny_pond
D:11:     layout_loops_cross, grunt_lair_entry_orc_guard_hut, orc_david_3,
          kennysheep_boxes, uniq_snorg
Temple:   nicolae_temple_bog_church

Skill      XL: |  1  2  3  4  5  6  7  8  9 10 11 |
---------------+----------------------------------+-----
Ranged Weapons | 5 6 7 8 10 13 15 17 | 17.0
Invocations    | 2 5 |  5.0
Fighting       | |  2.1
Dodging        | |  1.7
Stealth        | |  1.2

Action                     |  1- 3 |  4- 6 |  7- 9 | 10-12 || total
---------------------------+-------+-------+-------+-------++-------
  Melee: Arbalest          |       |       |       |     3 ||     3
   Fire: Shortbow          |    72 |   160 |   189 |       ||   421
         Arbalest          |       |       |    29 |   202 ||   231
Ability: Dig               |     1 |       |       |       ||     1
    Use: Scroll            |     4 |     4 |     9 |     5 ||    22
         Potion            |       |       |       |     4 ||     4
 Armour: Leather armour    |     8 |    16 |    26 |    21 ||    71
  Dodge: Dodged            |    35 |    87 |    85 |    90 ||   297

Table legend: (Time is in decaauts)
 A = Elapsed time spent in this place.
 B = Non-inter-level travel time spent in this place.
 C = Inter-level travel time spent in this place.
 D = Time resting spent in this place.
 E = Time spent auto-exploring this place.
 F = Levels seen in this place.
 G = Mean time per level.
                   A        B        C        D        E       F      G
               +--------+--------+--------+--------+--------+-----+--------+
         Total |   8500 |   7911 |    589 |   1220 |   5102 |  12 |  708.3 |
       Dungeon |   8294 |   7714 |    580 |   1220 |   4938 |  11 |  754.0 |
        Temple |    205 |    196 |      9 |      0 |    163 |   1 |  205.0 |
               +--------+--------+--------+--------+--------+-----+--------+

Top non-repeatable levels by time:
     D:8: 1239 daAuts
     D:6: 990 daAuts
     D:4: 877 daAuts
    D:10: 853 daAuts
     D:1: 804 daAuts
     D:9: 797 daAuts
     D:3: 728 daAuts
     D:5: 727 daAuts
     D:7: 561 daAuts
     D:2: 452 daAuts
    D:11: 262 daAuts
  Temple: 205 daAuts
